AoeStats
← Chiripa605

Nomad

503857442Analyzed
4v4 RM · 1mo ago on Sep 2, 2026· 37m 31s· 8 players
Game mode
Random Map
Map size
231×231
Population
200
Speed
Normal
Resources
Standard
Victory
Conquest
Starting age
Dark Age
Ending age
Imperial Age
RankedLock teamsTeams togetherTeam positionsShared explorationLock speedFull tech treeHidden civsTurbo modeCheats
Victory
Defeat
🇺🇸 Persians · United States
1194
+13
🇺🇸 Tatars · United States
1166
+15
🇨🇳 Cumans · China
1122
+17
🇹🇼 Vietnamese · Taiwan
1095
+18
🇩🇪 Huns · Germany
1200
-19
🇷🇴 Vietnamese · Romania
1139
-16
🇫🇮 Mongols · Finland
1113
-15
🇨🇭 Byzantines · Switzerland
1089
-13
Sageata
5:33 Loom
13:51 Feudal Age
15:56 Double-Bit Axe
19:18 Horse Collar
22:25 Fletching
29:18 Castle Age
27:43 Padded Archer Armor
29:24 Crossbowman
30:02 Bodkin Arrow
30:27 Medium Warships
32:21 Wheelbarrow
35:23 Leather Archer Armor
36:09 Bow Saw
Poulet Grill
7:00 Loom
16:15 Feudal Age
17:58 Double-Bit Axe
19:49 Horse Collar
21:27 Forging
25:29 Scale Barding Armor
29:26 Castle Age
28:05 Wheelbarrow
31:50 Bow Saw
32:35 Iron Casting
32:05 Padded Archer Armor
32:45 Medium Warships
34:07 Fletching
TomJerry
3:39 Loom
15:44 Feudal Age
19:54 Castle Age
17:54 Double-Bit Axe
18:46 Horse Collar
19:18 Stone Mining
21:17 Wheelbarrow
21:23 Bow Saw
25:41 Heavy Plow
30:07 Padded Archer Armor
29:57 Fletching
30:39 Fletching
31:41 Leather Archer Armor
36:42 Bodkin Arrow
37:11 Gold Mining
37:57 Stone Shaft Mining
Lichtenauer_OP
4:03 Loom
13:49 Feudal Age
18:18 Castle Age
16:17 Double-Bit Axe
19:36 Forging
20:51 Horse Collar
30:18 Bow Saw
30:48 Heavy Plow
31:55 Scale Barding Armor
32:33 Bloodlines
32:25 Gold Mining
33:00 Chain Barding Armor
33:27 Husbandry
33:33 Husbandry
34:13 Iron Casting
Chiripa605
6:36 Loom
13:36 Feudal Age
14:08 Double-Bit Axe
22:05 Castle Age
20:02 Fishing Lines
23:19 Medium Warships
25:12 Bow Saw
27:13 Wheelbarrow
33:34 Scale Mail Armor
35:46 Clinker Construction
35:47 Careening
36:02 Forging
36:14 Horse Collar
38:07 Siphons
moisttoilet
3:23 Loom
12:22 Feudal Age
12:50 Town Watch
12:53 Horse Collar
14:38 Double-Bit Axe
21:50 Castle Age
21:05 Fletching
21:16 Padded Archer Armor
24:28 Husbandry
24:38 Bloodlines
25:07 Wheelbarrow
25:00 Scale Barding Armor
27:02 Gold Mining
27:02 Stone Mining
28:13 Hand Cart
30:59 Bodkin Arrow
31:15 Forging
31:02 Light Cavalry
34:44 Bow Saw
35:15 Chain Barding Armor
35:44 Leather Archer Armor
36:05 Iron Casting
36:16 Silk Armor
Monkidz
4:01 Loom
14:02 Feudal Age
19:50 Castle Age
18:06 Double-Bit Axe
19:25 Gold Mining
19:36 Fletching
20:41 Medium Warships
21:13 Bow Saw
28:00 Wheelbarrow
29:09 Scale Mail Armor
29:53 Forging
30:31 Squires
37:39 Imperial Age
36:41 Stone Mining
37:21 Padded Archer Armor
lotus
7:34 Loom
14:35 Feudal Age
18:32 Double-Bit Axe
24:31 Castle Age
26:41 Horse Collar
30:17 Pikeman
30:45 Arson
31:00 Squires
31:13 Bloodlines
31:44 Town Watch
37:59 Imperial Age
35:46 Bow Saw
36:52 Wheelbarrow
Connection lost

Rejoining the realm…

Still unreachable

The connection could not be restored.

Session expired

The server has moved on; the page needs a fresh start.